 Dungeon Crawl Stone Soup version 0.26.0-10-g1f06aea511 (webtiles) character file.

Game seed: 3586554416786469666

80 pkoi the Slasher (level 4, -2/37 HPs)
             Began as a Minotaur Gladiator on Jan 14, 2021.
             Slain by a gnoll
             ... wielding a cursed -1 halberd
              (4 damage)
             ... on level 2 of the Dungeon.
             The game lasted 00:01:16 (1111 turns).

pkoi the Slasher (Minotaur Gladiator)               Turns: 1111, Time: 00:01:16

Health: -2/37      AC:  3    Str: 20    XL:     4   Next: 18%
Magic:  12/12      EV: 12    Int:  5    God:
Gold:   31         SH:  0    Dex: 11    Spells: 3/3 levels left

rFire    . . .     SeeInvis .   a - +0 long sword
rCold    . . .     Faith    .   (no shield)
rNeg     . . .     Spirit   .   b - +0 leather armour
rPois    .         Reflect  .   c - +0 hat
rElec    .         Harm     .   (no cloak)
rCorr    .         Rampage  .   (no gloves)
Will     .....                  (no boots)
Stlth    +.........             k - amulet of regeneration
HPRegen  0.52/turn              f - ring of magical power
MPRegen  0.13/turn              (no ring)

@: no status effects
A: retaliatory headbutt, horns 2
a: no special abilities


You were on level 2 of the Dungeon.
You visited 1 branch of the dungeon, and saw 2 of its levels.

You collected 31 gold pieces.

Inventory:

Hand Weapons
 a - a +0 long sword (weapon)
Missiles
 d - 3 throwing nets (quivered)
Armour
 b - a +0 leather armour (worn)
 c - a +0 hat (worn)
Jewellery
 f - a ring of magical power (left hand)
 k - an amulet of regeneration (around neck)
 o - an uncursed ring of stealth {unknown}
Scrolls
 e - 3 scrolls of blinking {unknown}
 h - a scroll of identify {unknown}
 i - a scroll of teleportation {unknown}
 l - a scroll of remove curse {unknown}
 m - a scroll of fog {unknown}
Potions
 g - a potion of cancellation {unknown}
 j - a potion of curing {unknown}
 n - a potion of brilliance {unknown}


   Skills:
 - Level 2.4 Fighting
 + Level 6.1 Long Blades
 - Level 2.0 Throwing
 - Level 3.2 Dodging


You had 3 spell levels left.
You didn't know any spells.
Your spell library was empty.

Dungeon Overview and Level Annotations

Branches:
Dungeon (2/15)

Altars:


Innate Abilities, Weirdness & Mutations

You reflexively headbutt those who attack you in melee.
You have a pair of horns on your head.


Message History

You see here a bat corpse.
The gnoll hits you from afar with a +0 halberd!
There is an open door here.
You slash the adder!
You kill the adder!
You see here an adder corpse.
The gnoll hits you with a +0 halberd!
The gnoll hits you from afar with a +0 halberd!
* * * LOW HITPOINT WARNING * * *
The gnoll throws a throwing net.
The throwing net hits you.
You become entangled in the net!
You see here a throwing net.
You struggle against the net.
The gnoll hits you from afar with a +0 halberd!
* * * LOW HITPOINT WARNING * * *
You struggle against the net.
The gnoll hits you but does no damage.
You shred the net and break free! The gnoll completely misses you.
The gnoll closely misses you.
The gnoll hits you from afar with a cursed -1 halberd.
You die...

############## #............#
#####............# ######
#######................# #....#
#......................# #.##.#
#......................# #.##.#
#.............g........###.##.#
'............†g.@......††.>##.#
#.............g........######.#
#......................# #.#
#......####............######.#
#......# #............##.....#
#......# ###############.#####
#......####### #.#
#............# #.#
############## #.#


You could see 3 gnolls.

Vanquished Creatures
  A gnoll (D:2)
  2 adders (D:2)
  An ooze (D:2)
  A worm (D:2)
  2 leopard geckos (D:1)
  2 ball pythons (D:1)
  4 bats
  2 giant cockroaches (D:1)
  A goblin (D:1)
  7 hobgoblins
  4 jackals (D:1)
  2 frilled lizards
  6 kobolds
  7 rats
42 creatures vanquished.

Notes
Turn   | Place    | Note
-------+----------+-------------------------------------------
     0 | D:1      | pkoi the Minotaur Gladiator began the quest for the Orb.
     0 | D:1      | Reached XP level 1. HP: 18/18 MP: 0/0
   148 | D:1      | Reached skill level 4 in Long Blades
   259 | D:1      | Reached XP level 2. HP: 20/25 MP: 1/1
   592 | D:1      | Reached skill level 5 in Long Blades
   854 | D:1      | Reached XP level 3. HP: 30/30 MP: 2/2
  1072 | D:2      | Reached skill level 6 in Long Blades
  1072 | D:2      | Reached XP level 4. HP: 33/37 MP: 3/3
  1109 | D:2      | HP: 1/37 [gnoll/+0 halberd (8)]
  1111 | D:2      | Slain by a gnoll

Illustrated notes

Levels and vault maps discovered:
D:1:      amcnicky_arrival_feature_with_door, layout_loops_corners
D:2:      layout_basic, nicolae_overflow_hidden_temple

Skill      XL: |  1  2  3 |
---------------+----------+-----
Long Blades    | 4 5 6 |  6.1
Fighting       | |  2.4
Throwing       | |  2.0
Dodging        | |  3.2

Action                   |  1- 3 |  4- 6 || total
-------------------------+-------+-------++-------
Melee: Long sword        |    62 |     1 ||    63
       Headbutt          |     8 |       ||     8
 Stab: Sleeping          |     1 |       ||     1
Armor: Leather armour    |    17 |     3 ||    20
Dodge: Dodged            |    50 |     9 ||    59
       Rpst.: Long sword |    14 |     1 ||    15
